 Dungeon Crawl Stone Soup version 0.23.1-37-gaa34b87b72 (webtiles) character file.

Game seed: 9296760785429602341

189691 PentaManta the Spry (level 18, -4/139 HPs)
             Began as a Kobold Monk on Mar 24, 2019.
             Was the Champion of Okawaru.
             Slain by a wolf spider (5 damage)
             ... while petrified by Jorgrun
             ... on level 3 of the Spider Nest.
             The game lasted 02:39:41 (37726 turns).

PentaManta the Spry (Kobold Monk)                  Turns: 37726, Time: 02:39:42

Health: -4/139     AC: 13    Str: 15    XL:     18   Next: 80%
Magic:  0/18       EV:  3    Int: 11    God:    Okawaru [******]
Gold:   1874       SH:  0    Dex: 21    Spells: 17/17 levels left

rFire    + . .     SeeInvis +   Y - +8 quick blade (elec)
rCold    . . .     Gourm    .   e - +0 buckler
rNeg     + + +     Faith    .   d - +4 troll leather armour {Purgy}
rPois    ∞         Spirit   +   x - +1 hat {SInv}
rElec    .         Reflect  .   P - scarf {Spirit}
rCorr    .         Harm     .   D - +2 pair of gloves {archery}
MR       ++...                  Z - +0 pair of boots of Tius {Regen+ Stlth+}
Stlth    ++++++....             K - amulet of regeneration
HPRegen  1.53/turn              L - ring of protection from magic
MPRegen  0.16/turn              a - ring of poison resistance

@: lethally poisoned (-4 -> -4), petrified, held, studying Ice Magic
A: small, agile 1, carnivore, fire resistance 1, robust 1
}: 1/15 runes: decaying
a: Heroism, Finesse, Renounce Religion


You were on level 3 of the Spider Nest.
You worshipped Okawaru.
Okawaru was exalted by your worship.
You were hungry.

You visited 7 branches of the dungeon, and saw 32 of its levels.
You also visited: Ossuary and Ice Cave.

You collected 3014 gold pieces.
You spent 1140 gold pieces at shops.

Inventory:

Hand Weapons
 b - a +1 dagger of venom
 W - a +9 quick blade of freezing
 Y - a +8 quick blade of electrocution (weapon)
Missiles
 E - 2 throwing nets (quivered)
Armour
 d - a +4 troll leather armour (worn) {Purgy}
 e - a +0 buckler (worn)
 j - a +1 pair of boots of flying
 r - the +0 chain mail "Joxoy" {rC+ rCorr Str+4}
   (Okawaru gifted it to you on level 6 of the Lair of Beasts)

   It affects your strength (+4).
   It protects you from cold.
   It provides partial protection from all sources of acid and corrosion.
 x - a +1 hat of see invisible (worn)
 D - a +2 pair of gloves of archery (worn)
 P - a scarf of spirit shield (worn)
 T - a +0 shield of protection
 Z - the +0 pair of boots of Tius (worn) {Regen+ Stlth+}
   (Okawaru gifted it to you on level 4 of the Lair of Beasts)

   It increases your rate of regeneration.
   It makes you more stealthy.
Jewellery
 a - a ring of poison resistance (right hand)
 f - an uncursed ring of protection from magic
 p - an uncursed amulet of rage
 q - an uncursed ring of ice
 K - an amulet of regeneration (around neck)
 L - a ring of protection from magic (left hand)
 S - an uncursed ring of ice
Wands
 u - a wand of acid (21)
 z - a wand of iceblast (40)
 B - a wand of paralysis (18)
 G - a wand of enslavement (7)
 H - a wand of polymorph (13)
 I - a wand of digging (14)
Scrolls
 h - 10 scrolls of teleportation
 l - a scroll of fog
 m - 16 scrolls of identify
 n - 10 scrolls of remove curse
 w - 5 scrolls of magic mapping
 y - 4 scrolls of fear
 F - 7 scrolls of amnesia
 R - a scroll of holy word
 U - 3 scrolls of blinking
 V - 7 scrolls of enchant armour
Potions
 g - 9 potions of curing
 i - 10 potions of mutation
 o - 4 potions of flight
 t - 4 potions of cancellation
 v - 9 potions of lignification
 A - 3 potions of heal wounds
 C - 5 potions of might
 J - a potion of berserk rage
 M - 3 potions of agility
 N - a potion of magic
 Q - a potion of resistance
 X - 2 potions of haste
Books
 O - a manual of Ice Magic
Comestibles
 c - 47 rations


   Skills:
 + Level 18.9 Fighting
 - Level 14.0 Short Blades
 - Level 20.1 Dodging
 + Level 11.9 Stealth
 * Level 12.5 Shields


You had 17 spell levels left.
You didn't know any spells.
Your spell library contained the following spells:

 Spells                   Type           Power        Failure   Level  Hunger
 Animate Skeleton         Necr           N/A          41%         1    ##.....
 Apportation              Tloc           #.....       41%         1    ##.....
 Beastly Appendage        Tmut           #.....       41%         1    ##.....
 Confusing Touch          Hex            #.....       41%         1    ##.....
 Freeze                   Ice            #...         41%         1    ##.....
 Infusion                 Chrm           #...         41%         1    ##.....
 Sandblast                Erth           #.....       41%         1    ##.....
 Shock                    Conj/Air       #...         41%         1    ##.....
 Summon Small Mammal      Summ           #...         41%         1    ##.....
 Call Imp                 Summ           #.......     54%         2    ###....
 Passwall                 Tmut/Erth      #.......     54%         2    ###....
 Poisonous Vapours        Pois/Air       #.....       54%         2    ###....
 Shroud of Golubria       Chrm/Tloc      #.........   54%         2    ###....
 Song of Slaying          Chrm           #.......     54%         2    ###....
 Sticks to Snakes         Tmut           #.......     54%         2    ###....
 Sublimation of Blood     Necr           #.........   54%         2    ###....
 Swiftness                Chrm/Air       #.......     54%         2    ###....
 Throw Frost              Conj/Ice       #.....       54%         2    ###....
 Call Canine Familiar     Summ           #.......     78%         3    ####...
 Conjure Flame            Conj/Fire      #.......     78%         3    ####...
 Ignite Poison            Fire/Tmut/Pois #.......     78%         3    ####...
 Mephitic Cloud           Conj/Pois/Air  #.......     78%         3    ####...
 Ozocubu's Armour         Chrm/Ice       #.......     78%         3    ####...
 Regeneration             Chrm/Necr      #.........   78%         3    ####...
 Spectral Weapon          Hex/Chrm       #.......     78%         3    ####...
 Spider Form              Tmut/Pois      #.........   78%         3    ####...
 Static Discharge         Conj/Air       #.......     78%         3    ####...
 Stone Arrow              Conj/Erth      #.....       78%         3    ####...
 Summon Guardian Golem    Hex/Summ       #.......     78%         3    ####...
 Airstrike                Air            #.........   99%         4    #####..
 Cause Fear               Hex            #.........   99%         4    #####..
 Ice Form                 Ice/Tmut       #.......     99%         4    #####..
 Petrify                  Tmut/Erth      #.......     99%         4    #####..
 Summon Ice Beast         Ice/Summ       #.......     99%         4    #####..
 Summon Lightning Spire   Summ/Air       #.......     99%         4    #####..
 Throw Icicle             Conj/Ice       #.......     99%         4    #####..
 Alistair's Intoxication  Tmut/Pois      #.......     100%        5    ######.
 Blade Hands              Tmut           #.........   100%        5    ######.
 Irradiate                Conj/Tmut      #.........   100%        5    ######.
 Lee's Rapid Deconstruct  Erth           #.........   100%        5    ######.
 Lightning Bolt           Conj/Air       #.........   100%        5    ######.
 Silence                  Hex/Air        #.........   100%        5    ######.
 Yara's Violent Unravell  Hex/Tmut       #.........   100%        5    ######.
 Deflect Missiles         Chrm/Air       #.........   100%        6    #######
 Freezing Cloud           Conj/Ice/Air   #.........   100%        6    #######
 Ring of Flames           Chrm/Fire      #.........   100%        7    #######
 Discord                  Hex            #.........   100%        8    #######


Dungeon Overview and Level Annotations

Branches:
Dungeon (15/15)            Temple (1/1) D:6            Lair (6/6) D:11
  Swamp (4/4) Lair:4       Spider (3/4) Lair:4        Slime (0/5) Lair:5
    Orc (2/2) D:10            Elf (1/3) Orc:2        Vaults (0/5) D:14
 Depths: D:15

Altars:
Ashenzari
Cheibriados
Dithmenos
Elyvilon
Fedhas
Gozag
Hepliaklqana
Kikubaaqudgha
Makhleb
Nemelex Xobeh
Okawaru
Qazlal
Ru
Sif Muna
Trog
Uskayaw
Vehumet
Wu Jian
Xom
Yredelemnul
Zin
The Shining One
Jiyva

Shops:
D:10 *   D:11 [   D:15 *   Orc:2 =*[(

Annotations:
D:10 1 runed translucent door
D:15 exclusions: fire dragon and ice dragon


Innate Abilities, Weirdness & Mutations

You are small and have problems with some larger weapons.
You are carnivorous and can eat meat at any time.
You are agile. (Dex +2)
Your flesh is heat resistant. (rF+)
You are robust. (+10% HP)


Message History

* * * LOW HITPOINT WARNING * * *
You are even more entangled.
The jumping spider bites you but does no damage.
You feel like a meek peon again. The wolf spider hits you!
* * * LOW HITPOINT WARNING * * *
The wolf spider bites you!
* * * LOW HITPOINT WARNING * * *
The jumping spider pounces on you!
* * * LOW HITPOINT WARNING * * *
The jumping spider bites you but does no damage.
The wolf spider hits you but does no damage.
The wolf spider bites you. The jumping spider pounces on you!
* * * LOW HITPOINT WARNING * * *
You are even more entangled.
The jumping spider bites you but does no damage.
The wolf spider hits you!
* * * LOW HITPOINT WARNING * * *
The wolf spider bites you!
You die...

##...#### ##.# ###
#..### ## #...##
##...#
##..#^###...##
#.^...#.#..^.#
##.#......#####.#
#..^............##
#....^s###.....^..
## #.s@s#..#^#^.#
#.sss#### #
###|...<# #s.s..#
##..#.^# ..####
... .#$# .###


You could see 3 wolf spiders, 2 orb spiders and 3 jumping spiders.

Vanquished Creatures
  Arachne (Spider:2)
  Jorgrun (Spider:3)
  2 thorn hunters
  Kirke (Lair:6)
  Frances (D:12)
  A deep elf sorcerer (Elf:1)
  A frost giant (D:11)
  An emperor scorpion (Spider:1)
  A deep elf demonologist (Elf:1)
  Nessos (Lair:4)
  Harold (D:9)
  3 catoblepae
  24 hydras
  13 alligators
  4 centaur warriors
  2 ghost crabs
  4 shambling mangroves
  A merfolk avatar (Lair:6)
  5 two-headed ogres
  A dancing weapon (Orc:2)
  3 orc high priests (Orc:2)
  2 deep elf knights
  11 skeletal warriors
  A sea snake (Lair:6)
  4 unseen horrors
  A deep elf archer (Elf:1)
  A wizard (D:14)
  13 swamp dragons
  5 orc knights
  Pikel (D:7)
  3 wolf spider zombies
  8 orb spiders
  11 ugly things
  3 cyclopes
  3 oklob plants
  4 orc sorcerers
  11 wolf spiders
  2 manticores
  Joseph (Lair:1)
  7 black mambas
  8 elephants (Lair:6)
  2 gargoyles
  2 ice statues (IceCv)
  21 spiny frogs
  4 rime drakes
  5 demonic crawlers
  2 kobold demonologists
  An efreet (D:15)
  12 komodo dragons
  13 jumping spiders
  7 trolls
  A wind drake (Lair:6)
  13 slime creatures
  13 polar bears
  15 tyrant leeches
  Grinder (D:4)
  14 hornets
  8 hippogriffs
  17 blink frogs
  8 bog bodies
  5 dream sheep (Lair:6)
  2 spriggans
  An air elemental (Elf:1)
  41 redbacks
  Sigmund (D:2)
  3 wraiths
  2 shadows
  5 tarantellas
  3 vampires
  25 yaks
  4 wyverns
  A hog (Lair:5)
  A fire elemental (Lair:6)
  4 basilisks
  23 vampire mosquitoes
  Grum (D:10)
  3 hungry ghosts
  12 swamp worms
  3 soldier ants (D:5)
  25 insubstantial wisps
  A warg (Orc:2)
  17 water moccasins
  6 porcupines
  3 slaves
  Purgy (D:3)
  8 black bears
  21 orc warriors
  4 sky beasts
  16 swamp drakes
  18 ice beasts
  2 phantoms
  3 wolves (Lair:2)
  A boggart (D:14)
  16 ogres
  An eye of draining (D:10)
  14 centaurs
  15 crocodiles
  22 bullfrogs
  6 big kobolds
  A gnoll sergeant (D:10)
  2 elf skeletons (D:5)
  A wyvern zombie (D:7)
  A water moccasin zombie (Ossuary)
  6 scorpions
  2 wyvern skeletons
  21 killer bees
  12 wights
  3 howler monkeys
  3 electric eels (Spider:1)
  3 lava snakes (Lair:6)
  9 crimson imps
  2 centaur zombies
  3 bullfrog zombies
  14 hounds
  A human zombie (D:5)
  20 orc priests
  7 centaur skeletons
  2 jellies
  A gnoll shaman (D:10)
  23 orc wizards
  2 bullfrog skeletons
  7 iguanas
  23 worker ants
  2 human skeletons (D:5)
  3 big kobold zombies (Ossuary)
  2 mummies (Ossuary)
  3 worker ant zombies
  Robin (D:4)
  8 gnolls
  21 adders
  4 shadow imps
  12 white imps (Orc:1)
  An ooze (D:2)
  3 adder zombies
  4 worms
  4 dart slugs
  6 leopard geckos
  82 orcs
  8 bats
  4 giant cockroaches
  10 goblins
  10 hobgoblins
  6 jackals
  23 kobolds
  3 quokkas
  4 ball pythons
  3 frilled lizards
  2 gnoll zombies (Ossuary)
  7 hobgoblin zombies (Ossuary)
  A jackal skeleton (D:4)
  7 kobold zombies (Ossuary)
  A leopard gecko skeleton (D:5)
  A leopard gecko zombie (D:9)
  An orc skeleton (D:5)
  6 orc zombies (Ossuary)
  A quokka zombie (D:8)
  3 rats
  A butterfly (Lair:5)
  A plant (Lair:1)
1099 creatures vanquished.

Vanquished Creatures (others)
  A slave (D:7)
  A briar patch (Swamp:1)
  35 fungi
  13 plants
50 creatures vanquished.

Grand Total: 1149 creatures vanquished

Notes
Turn   | Place    | Note
-------+----------+-------------------------------------------
     0 | D:1      | PentaManta the Kobold Monk began the quest for the Orb.
     0 | D:1      | Reached XP level 1. HP: 14/14 MP: 1/1
   211 | D:1      | Reached XP level 2. HP: 12/19 MP: 2/2
   711 | D:1      | Reached skill level 4 in Dodging
   853 | D:1      | Found a shattered altar of Ashenzari.
  1013 | D:2      | Found a stormy altar of Qazlal.
  1013 | D:2      | Found an ancient bone altar of Kikubaaqudgha.
  1013 | D:2      | Found a shattered altar of Ashenzari.
  1101 | D:2      | Reached XP level 3. HP: 19/24 MP: 3/3
  1200 | D:2      | Reached XP level 4. HP: 15/29 MP: 4/4
  1633 | D:2      | Reached skill level 5 in Short Blades
  1712 | D:2      | Noticed Sigmund
  1966 | D:2      | Reached XP level 5. HP: 24/33 MP: 5/5
  2440 | D:3      | Found a hazy altar of Hepliaklqana.
  2478 | D:3      | Reached skill level 5 in Dodging
  2536 | D:3      | Found a burning altar of Makhleb.
  3114 | D:3      | Reached XP level 6. HP: 22/39 MP: 6/6
  3245 | D:3      | Noticed Purgy
  3271 | D:3      | Gained mutation: You are robust. (+10% HP) [potion of
                  | mutation]
  3271 | D:3      | Gained mutation: You are agile. (Dex +2) [potion of
                  | mutation]
  3271 | D:3      | Gained mutation: Your flesh is heat resistant. (rF+)
                  | [potion of mutation]
  3280 | D:3      | Killed Purgy
  3280 | D:3      | Reached skill level 5 in Fighting
  3346 | D:3      | Found a deep blue altar of Sif Muna.
  3392 | D:3      | Found an ornate altar of the Wu Jian Council.
  3557 | D:4      | Found a shadowy altar of Dithmenos.
  3586 | D:4      | Noticed an ogre
  3634 | D:3      | Killed an ogre
  3634 | D:3      | Reached XP level 7. HP: 36/48 MP: 7/7
  3684 | D:4      | Reached skill level 6 in Dodging
  4171 | D:3      | Reached XP level 8. HP: 56/56 MP: 8/8
  4297 | D:4      | Reached skill level 7 in Dodging
  4503 | D:4      | Noticed Robin
  4544 | D:4      | Killed Robin
  4599 | D:4      | Noticed Grinder
  4636 | D:4      | Paralysed by Grinder for 2 turns
  4663 | D:4      | Killed Grinder
  4794 | D:4      | Found a sacrificial altar of Ru.
  4796 | D:4      | Found a glowing silver altar of Zin.
  5094 | D:2      | Killed Sigmund
  5094 | D:2      | Reached skill level 8 in Dodging
  5139 | D:5      | Entered Level 5 of the Dungeon
  5198 | D:5      | Found a glowing golden altar of the Shining One.
  5246 | D:5      | Reached XP level 9. HP: 62/62 MP: 9/9
  5286 | D:5      | Found a basalt altar of Yredelemnul.
  5290 | D:5      | Found a transporter.
  5516 | D:5      | Found the +9 staff of Olgreb {rPois}
  5523 | D:5      | Found a runed translucent gate.
  5523 | D:5      | Found a runed translucent gate.
  5524 | D:5      | Found a runed translucent door.
  5534 | D:5      | Found a runed translucent gate.
  5543 | D:5      | Found a runed translucent door.
  5667 | D:5      | Found a sand-covered staircase.
  5686 | Ossuary  | Entered an ossuary
  5848 | Ossuary  | Reached skill level 9 in Dodging
  6141 | D:5      | Found a blossoming altar of Fedhas.
  6142 | D:5      | Found a white marble altar of Elyvilon.
  6233 | D:5      | Found a transporter.
  6452 | D:6      | Found a staircase to the Ecumenical Temple.
  6470 | Temple   | Entered the Ecumenical Temple
  6502 | Temple   | Became a worshipper of Warmaster Okawaru
  6502 | Temple   | Reached * piety under Okawaru
  6502 | Temple   | Reached ** piety under Okawaru
  6625 | D:6      | Reached skill level 10 in Short Blades
  6645 | D:6      | Got a transparent ring mail
  7451 | D:7      | Noticed Pikel
  7843 | D:7      | Noticed a hippogriff
  7901 | D:7      | Killed a hippogriff
  7901 | D:7      | Reached XP level 10. HP: 68/72 MP: 10/10
  7929 | D:7      | Killed Pikel
  7929 | D:7      | Reached skill level 10 in Dodging
  8112 | D:7      | Reached *** piety under Okawaru
  8676 | D:7      | Reached skill level 10 in Fighting
  8826 | D:7      | Reached skill level 11 in Dodging
  9542 | D:9      | Identified the +1 ring mail "Jiwyd" {rC+ Int+3} (You found
                  | it on level 6 of the Dungeon)
  9618 | D:9      | Reached **** piety under Okawaru
  9849 | D:9      | Reached XP level 11. HP: 80/80 MP: 11/11
  9860 | D:9      | Noticed Harold
  9913 | D:9      | Killed Harold
 10188 | D:10     | Entered Level 10 of the Dungeon
 10252 | D:10     | Received a gift from Okawaru
 10283 | D:10     | Found a glowing golden altar of the Shining One.
 10284 | D:10     | Found a runed translucent door.
 10284 | D:10     | Noticed an angel
 10708 | D:10     | Found a staircase to the Orcish Mines.
 10740 | D:10     | Reached skill level 12 in Dodging
 10872 | D:10     | Found Ylloutuw's General Store.
 10876 | D:10     | Bought a scroll of teleportation for 42 gold pieces
 10876 | D:10     | Bought a potion of curing for 42 gold pieces
 11031 | D:10     | Noticed Grum
 11046 | D:10     | Killed Grum
 11142 | D:11     | Reached ***** piety under Okawaru
 11944 | D:11     | Found Xuvug's Antique Armour Emporium.
 11962 | D:11     | Bought a glowing scarf for 184 gold pieces
 12010 | D:11     | Noticed a cyan ugly thing
 12040 | D:11     | Killed a cyan ugly thing
 12040 | D:11     | Reached XP level 12. HP: 89/89 MP: 3/12
 12125 | D:11     | Received a gift from Okawaru
 12239 | D:11     | Reached skill level 13 in Dodging
 12321 | D:11     | Received a gift from Okawaru
 12449 | D:11     | Got a polished shield {god gift}
 12489 | D:11     | Identified the +9 battleaxe "Cookie Cutter" {freeze, Str+5
                  | Dex+2}
 12489 | D:11     | Noticed a frost giant
 12635 | D:11     | Killed a frost giant
 12721 | D:11     | Killed an unseen horror
 12915 | D:11     | Killed an unseen horror
 13100 | D:11     | Noticed a five-headed hydra
 13122 | D:11     | Killed a five-headed hydra
 13122 | D:11     | Reached skill level 14 in Dodging
 13232 | D:11     | Found a staircase to the Lair.
 13251 | D:11     | Reached skill level 5 in Stealth
 13829 | D:12     | Noticed Frances
 13935 | D:12     | Reached XP level 13. HP: 69/96 MP: 9/13
 14014 | D:12     | Noticed a five-headed hydra
 14032 | D:12     | Killed a five-headed hydra
 14218 | D:12     | Received a gift from Okawaru
 15211 | D:12     | Killed Frances
 15211 | D:12     | Reached skill level 15 in Dodging
 15489 | D:13     | Noticed a centaur warrior
 15580 | D:13     | Received a gift from Okawaru
 15594 | D:13     | Killed a centaur warrior
 15749 | D:13     | Identified the +0 shield "Ufasm" {rC+} (Okawaru gifted it
                  | to you on level 11 of the Dungeon)
 16020 | D:13     | Found a stormy altar of Qazlal.
 16614 | D:14     | Noticed a catoblepas
 16829 | D:14     | Killed a catoblepas
 17245 | D:14     | Reached XP level 14. HP: 99/105 MP: 12/14
 17420 | D:14     | Reached skill level 16 in Dodging
 17663 | D:14     | Found a gate to the Vaults.
 17738 | D:14     | Reached skill level 15 in Fighting
 17842 | D:14     | Received a gift from Okawaru
 18116 | D:14     | Reached ****** piety under Okawaru
 18266 | D:15     | Entered Level 15 of the Dungeon
 18599 | D:15     | Found the +8 demon trident "Rift" {distort, reach+}
 18767 | D:15     | Reached skill level 10 in Stealth
 19051 | D:14     | Received a gift from Okawaru
 19470 | D:15     | Reached skill level 17 in Dodging
 20211 | D:15     | Found Heatag's Assorted Antiques.
 20608 | D:15     | Bought a scroll labeled COPYMN FIER for 18 gold pieces
 20608 | D:15     | Bought a scroll of teleportation for 54 gold pieces
 21428 | D:15     | Reached XP level 15. HP: 114/114 MP: 15/15
 22028 | D:5      | Reached skill level 1 in Shields
 22056 | D:5      | Received a gift from Okawaru
 22325 | Lair:1   | Entered Level 1 of the Lair of Beasts
 22325 | Lair:1   | Noticed Joseph
 22328 | Lair:1   | Killed Joseph
 24998 | Lair:4   | Got an ancient sapphire amulet
 25004 | Lair:4   | Noticed Nessos
 25010 | Lair:4   | Found a hole to the Spider Nest.
 25011 | Lair:4   | Killed Nessos
 25113 | Lair:4   | Received a gift from Okawaru
 25121 | Lair:4   | Got a pair of bloodstained boots {god gift}
 25132 | Lair:4   | Identified the +0 pair of boots of Tius {Regen+ Stlth+}
                  | (Okawaru gifted it to you on level 4 of the Lair of Beasts)
 25167 | Lair:4   | Found a staircase to the Swamp.
 25581 | Lair:4   | Reached skill level 5 in Shields
 25763 | Lair:5   | Reached skill level 18 in Dodging
 25836 | Lair:5   | Found a viscous altar of Jiyva.
 25836 | Lair:5   | Found a staircase to the Slime Pits.
 26382 | Lair:5   | Identified the amulet "Affetzock" {Harm *Drain rElec rPois
                  | Stlth-} (You found it on level 4 of the Lair of Beasts)
 26602 | Lair:6   | Entered Level 6 of the Lair of Beasts
 27076 | Lair:6   | Reached XP level 16. HP: 80/123 MP: 13/16
 27528 | Lair:6   | Found a burning altar of Makhleb.
 27634 | Lair:6   | Noticed Kirke
 27753 | Lair:6   | Noticed a sphinx
 27894 | Lair:6   | Killed Kirke
 27894 | Lair:6   | Received a gift from Okawaru
 27924 | Lair:6   | Got a twisted chain mail {god gift}
 27939 | Lair:5   | Identified the +0 chain mail "Joxoy" {rC+ rCorr Str+4}
                  | (Okawaru gifted it to you on level 6 of the Lair of Beasts)
 28759 | Swamp:1  | Entered Level 1 of the Swamp
 28797 | Swamp:1  | Noticed a thorn hunter
 28917 | Swamp:1  | Killed a thorn hunter
 29941 | Lair:5   | Got a jewelled leather armour
 29952 | Lair:5   | Identified the +2 leather armour of Fashionability {Str+8
                  | Int+4} (You found it on level 5 of the Lair of Beasts)
 30066 | Orc:1    | Entered Level 1 of the Orcish Mines
 30066 | Orc:1    | Found a frozen archway.
 30073 | IceCv    | Entered an ice cave
 30078 | IceCv    | Found a transporter.
 30249 | IceCv    | Found a transporter.
 30789 | Orc:2    | Entered Level 2 of the Orcish Mines
 31219 | Orc:2    | Found a staircase to the Elven Halls.
 31790 | Orc:2    | Found Coynyiko's Weapon Shop.
 31790 | Orc:2    | Found Atsaqunn's Antique Armour Emporium.
 31798 | Orc:2    | Found Hifizody's General Store.
 31798 | Orc:2    | Found Puxzeul's Jewellery Emporium.
 32114 | Elf:1    | Entered Level 1 of the Elven Halls
 32172 | Elf:1    | Noticed a deep elf sorcerer
 32204 | Elf:1    | Killed a deep elf sorcerer
 32204 | Elf:1    | Received a gift from Okawaru
 32220 | Elf:1    | Reached skill level 19 in Dodging
 32293 | Elf:1    | Reached XP level 17. HP: 121/130 MP: 15/17
 32313 | Elf:1    | Got a faintly humming scale mail
 32572 | Orc:2    | Identified the cursed +1 scale mail of the Dozen Curses
                  | {Stlth+} (You found it on level 1 of the Elven Halls)
 32580 | Orc:2    | Bought an uncursed ring of poison resistance for 320 gold
                  | pieces
 32580 | Orc:2    | Bought an uncursed amulet of regeneration for 480 gold
                  | pieces
 33773 | Swamp:3  | Reached skill level 10 in Shields
 34153 | Swamp:3  | Received a gift from Okawaru
 34222 | Swamp:3  | Noticed a thorn hunter
 34250 | Swamp:3  | Killed a thorn hunter
 34744 | Swamp:4  | Entered Level 4 of the Swamp
 35167 | Swamp:3  | Reached XP level 18. HP: 107/138 MP: 12/18
 35187 | Swamp:3  | Paralysed by a hornet for 3 turns
 35299 | Swamp:4  | Received a gift from Okawaru
 35514 | Swamp:4  | Got a decaying rune of Zot
 36228 | Spider:1 | Entered Level 1 of the Spider Nest
 36328 | Spider:1 | Reached skill level 20 in Dodging
 36351 | Spider:1 | Received a gift from Okawaru
 37203 | Spider:2 | Noticed Arachne
 37230 | Spider:2 | Killed Arachne
 37330 | Spider:2 | Received a gift from Okawaru
 37704 | Spider:3 | Noticed Jorgrun
 37721 | Spider:3 | Killed Jorgrun
 37726 | Spider:3 | HP: 1/139 [wolf spider (6)]
 37726 | Spider:3 | Slain by a wolf spider

Skill      XL: |  1  2  3  4  5  6  7  8  9 10 11 12 13 14 15 16 17 18 |
---------------+-------------------------------------------------------+-----
Dodging        | 4 5 6 8 9 11 12 14 15 17 18 19 20 | 20.1
Fighting       | 4 5 6 7 9 10 11 13 14 16 17 18 | 18.9
Short Blades   | 5 6 7 8 10 12 13 14 | 14.0
Stealth        | 5 8 11 | 11.9
Shields        | 6 9 11 12 | 12.5

Action                   |  1- 3 |  4- 6 |  7- 9 | 10-12 | 13-15 | 16-18 || total
-------------------------+-------+-------+-------+-------+-------+-------++-------
Melee: Short sword       |   110 |   206 |   228 |   306 |  1146 |       ||  1996
       Dagger            |       |    21 |   646 |  1286 |   674 |       ||  2627
       Unarmed           |       |       |       |     7 |       |       ||     7
       Rapier            |       |       |       |    34 |    38 |       ||    72
       Punch             |       |       |       |     2 |       |       ||     2
       Quick blade       |       |       |       |       |   965 |  2713 ||  3678
Throw: Throwing net      |       |       |       |     1 |     2 |       ||     3
Invok: Heroism           |       |       |       |     4 |     5 |     4 ||    13
       Finesse           |       |       |       |     2 |     4 |     1 ||     7
 Abil: Evoke Berserk Rag |       |       |       |     3 |     8 |     3 ||    14
Evoke: Wand              |       |       |       |     5 |       |       ||     5
  Use: Scroll            |     2 |     4 |     9 |     2 |    20 |     9 ||    46
       Potion            |       |     5 |       |     1 |     5 |    11 ||    22
 Stab: Sleeping          |     4 |     5 |     6 |     9 |    52 |    28 ||   104
       Distracted        |       |       |     2 |     3 |     5 |     1 ||    11
       Held in net/web   |       |       |       |       |     2 |       ||     2
       Petrifying        |       |       |       |       |     2 |       ||     2
       Confused          |       |       |       |       |       |     4 ||     4
  Eat: Chunk             |     3 |     7 |     9 |    32 |    34 |    33 ||   118
       Ration            |       |       |     2 |     1 |     5 |     3 ||    11
Armor: Robe              |    30 |    30 |       |       |       |       ||    60
       Troll leather arm |       |     3 |   128 |   181 |   233 |   240 ||   785
       Skin              |       |       |       |     1 |       |       ||     1
       Chain mail        |       |       |       |       |       |     1 ||     1
Dodge: Dodged            |   103 |   177 |   494 |  1126 |  1645 |  1637 ||  5182
Block: Shield            |       |       |       |       |     1 |       ||     1
       Buckler           |       |       |       |       |       |   612 ||   612
